 Dungeon Crawl Stone Soup version 0.30-a0-1176-gcdfb0321a8 (webtiles) character file.

Game seed: 4627242561136203842

523 Dadi the Trooper (level 7, -2/66 HPs)
             Began as a Minotaur Fighter on Apr 30, 2023.
             Slain by Grinder (4 damage)
             ... on level 3 of the Dungeon.
             The game lasted 00:03:29 (3211 turns).

Dadi the Trooper (Minotaur Fighter)                 Turns: 3211, Time: 00:03:30

Health: -2/66      AC:  6    Str: 23    XL:     7   Next: 2%
Magic:  0/6        EV:  9    Int:  5    God:
Gold:   167        SH:  4    Dex:  9    Spells: 6/6 levels left

rFire   + . .        a - +0 long sword
rCold   . . .        r - +0 buckler {rF+}
rNeg    . . .        b - +0 scale mail
rPois   .            (helmet restricted)
rElec   .            (no cloak)
rCorr   .            (no gloves)
SInv    .            (no boots)
Will    .....        g - amulet of guardian spirit Stlth
                     (no ring)
HPRegen 0.31/turn    (no ring)
MPRegen 0.10/turn

%: guardian spirit
@: no status effects
A: horns 2, retaliatory headbutt
a: no special abilities


You were on level 3 of the Dungeon.
You visited 1 branch of the dungeon, and saw 4 of its levels.

You collected 167 gold pieces.

Inventory:

Hand Weapons
 a - a +0 long sword (weapon)
Armour
 b - a +0 scale mail (worn)
 c - a +0 buckler
 r - a +0 buckler of fire resistance (worn)
Jewellery
 g - an amulet of guardian spirit (around neck)
Scrolls
 e - a scroll of vulnerability {unknown}
 f - 5 scrolls of identify {unknown}
 j - a scroll of enchant weapon {unknown}
 k - a scroll of amnesia {unknown}
 m - 2 scrolls of fog {unknown}
 o - a scroll of blinking {unknown}
 p - a scroll of magic mapping {unknown}
 t - a scroll of fear {unknown}
 v - a scroll of acquirement {unknown}
 w - a scroll of noise {unknown}
Potions
 d - a potion of might
 h - a potion of resistance {unknown}
 i - a potion of curing {unknown}
 l - 2 potions of heal wounds {unknown}
 n - a potion of brilliance {unknown}
 q - a potion of lignification {unknown}
 s - 2 potions of degeneration {unknown}
 u - 2 potions of haste


   Skills:
 + Level 7.3 Fighting
 + Level 6.7 Long Blades
 - Level 3.6 Armour
 - Level 3.6 Shields


You had 6 spell levels left.
You didn't know any spells.
Your spell library contained the following spells:

 Spells                   Type           Power      Damage    Failure   Level
 Magic Dart               Conj           0%         1d3       85%         1
 Sting                    Tmut/Pois      0%         1d3       85%         1
 Call Imp                 Summ           0%         N/A       94%         2
 Poisonous Vapours        Pois/Air       0%         N/A       94%         2
 Sublimation of Blood     Necr           0%         N/A       94%         2
 Wereblood                Tmut           0%         N/A       94%         2
 Dazzling Flash           Conj/Hex       0%         N/A       99%         3
 Mephitic Cloud           Conj/Pois/Air  0%         N/A       99%         3
 Olgreb's Toxic Radiance  Pois           0%         N/A       100%        4
 Agony                    Necr           0%         N/A       100%        5
 Silence                  Hex/Air        0%         N/A       100%        5
 Summon Hydra             Summ           0%         N/A       100%        7


Dungeon Overview and Level Annotations

Branches:
Dungeon (4/15)             Temple (0/1) D:4

Altars:
Dithmenos

Shops:
D:3 [[

Annotations:
D:3 Grinder


Innate Abilities, Weirdness & Mutations

You have a pair of horns on your head.
You reflexively headbutt those who attack you in melee.


Message History

You barely miss Grinder.
Grinder is lightly wounded.
Grinder hits you.
You writhe in agony.
* * * LOW HITPOINT WARNING * * *
You hit Grinder.
Grinder is moderately wounded.
Grinder gestures at you.
You barely resist. You hit Grinder. Your headbutt misses Grinder.
Grinder is moderately wounded.
Grinder hits you.
* * * LOW HITPOINT WARNING * * *
You writhe in agony.
* * * LOW HITPOINT WARNING * * *
You hit Grinder.
Grinder is heavily wounded.
Grinder gestures at you. You resist with significant effort.
You hit Grinder. Your headbutt misses Grinder.
Grinder is heavily wounded.
Grinder says, "FISH!"
Grinder blinks!
You slash the iguana! You headbutt the iguana.
The iguana is severely wounded.
The iguana bites you but does no damage.
You hit the iguana but do no damage. Your headbutt misses the iguana.
The iguana is severely wounded.
The iguana barely misses you.
You barely miss the iguana.
The iguana is severely wounded.
Grinder blinks!
The iguana bites you.
* * * LOW HITPOINT WARNING * * *
You slash the iguana!
You kill the iguana!
Grinder blinks!
You have reached level 7!
Grinder hits you.
* * * LOW HITPOINT WARNING * * *
You writhe in agony.
You die...

#.#.###....##.#### ######.####.)
#................. #...........#
###..#........### #.####..#.##.
.............# #.# #..#.##.
.............# #.# #.......
..####.......# #.# ##.####. .
##...#### #.# #.####. ##
#...#########.#####...... ...
#...##.5@.........#######
....#####...##.##.##..###.##.....
...................#.## #.##.....
...).l.............#.####....^...
#....5..<..........#....####.....
#.#######...##.#####.##.# #.....
#...##.......##.# ######
#...###########.# #...# #.#


You could see Grinder.

Vanquished Creatures
  2 phantoms (D:4)
  A scorpion (D:4)
  2 hounds (D:4)
  An orc priest (D:4)
  3 iguanas
  A sleepcap (D:4)
  Natasha (D:3)
  3 adders
  2 dart slugs
  5 orcs (D:4)
  5 ball pythons
  9 endoplasms
  3 giant cockroaches
  4 goblins
  4 hobgoblins
  3 jackals (D:1)
  2 quokkas (D:2)
  4 bats
  2 frilled lizards (D:1)
  7 kobolds
  2 rats
66 creatures vanquished.

Notes
Turn   | Place    | Note
-------+----------+-------------------------------------------
     0 | D:1      | Dadi the Minotaur Fighter began the quest for the Orb.
     0 | D:1      | Reached XP level 1. HP: 19/19 MP: 0/0
   339 | D:1      | Reached skill level 4 in Fighting
   347 | D:1      | Reached XP level 2. HP: 27/27 MP: 1/1
   865 | D:2      | Reached XP level 3. HP: 30/34 MP: 2/2
   912 | D:2      | Found a shadowy altar of Dithmenos.
  1261 | D:2      | Reached skill level 5 in Fighting
  1261 | D:2      | Reached XP level 4. HP: 25/42 MP: 1/3
  1848 | D:3      | Found Wimahu's Armour Shop.
  1931 | D:3      | Noticed Natasha
  1936 | D:3      | Killed Natasha
  2055 | D:3      | Noticed Grinder
  2099 | D:3      | Found Udur's Antique Armour Shoppe.
  2164 | D:4      | Found a shadowy altar of Dithmenos.
  2178 | D:4      | Noticed a phantom
  2203 | D:4      | Killed a phantom
  2204 | D:4      | Reached skill level 5 in Long Blades
  2204 | D:4      | Reached XP level 5. HP: 19/50 MP: 1/4
  2400 | D:4      | Reached skill level 6 in Fighting
  2473 | D:4      | Noticed a phantom
  2497 | D:4      | Killed a phantom
  2498 | D:4      | Reached XP level 6. HP: 51/58 MP: 3/5
  2665 | D:4      | Found a staircase to the Ecumenical Temple.
  2712 | D:4      | Reached skill level 7 in Fighting
  3193 | D:3      | Paralysed by Grinder for 3 turns
  3211 | D:3      | Reached XP level 7. HP: 7/66 MP: 1/6
  3211 | D:3      | HP: 2/66 [Grinder (5)]
  3211 | D:3      | Slain by Grinder

Illustrated notes

Levels and vault maps discovered:
D:1:      mainiacjoe_arrival_reflecting_pool, layout_basic,
          corexii_item_surrounded_by_moat
D:2:      layout_basic, basic_altar, kennysheep_generic_room_12
D:3:      layout_loops_cross, serial_shops, shop, nicolae_shop_behind_doors,
          uniq_grinder, uniq_natasha
D:4:      cheibrodos_quashed, layout_basic, nicolae_overflow_crystal_walls,
          minmay_temple_entry_purple_smoke

Skill      XL: |  1  2  3  4  5  6 |
---------------+-------------------+-----
Fighting       | 4 5 6 7 |  7.3
Long Blades    | 3 4 5 6 |  6.7
Armour         | |  3.6
Shields        | |  3.6

Action                     |  1- 3 |  4- 6 |  7- 9 || total
---------------------------+-------+-------+-------++-------
  Melee: Long sword        |    59 |   141 |       ||   200
         Headbutt          |    10 |    22 |       ||    32
 Armour: Scale mail        |    22 |    46 |       ||    68
  Dodge: Dodged            |    21 |    58 |       ||    79
  Block: Buckler           |    11 |    22 |       ||    33

Table legend: (Time is in decaauts)
 A = Elapsed time spent in this place.
 B = Non-inter-level travel time spent in this place.
 C = Inter-level travel time spent in this place.
 D = Time resting spent in this place.
 E = Time spent auto-exploring this place.
 F = Levels seen in this place.
 G = Mean time per level.
                   A        B        C        D        E       F      G
               +--------+--------+--------+--------+--------+-----+--------+
         Total |   3254 |   3145 |    109 |    324 |   2315 |   4 |  813.5 |
       Dungeon |   3254 |   3145 |    109 |    324 |   2315 |   4 |  813.5 |
               +--------+--------+--------+--------+--------+-----+--------+

Top non-repeatable levels by time:
     D:4: 1033 daAuts
     D:2: 895 daAuts
     D:1: 820 daAuts
     D:3: 504 daAuts
